 Seeded DCSS version 0.29.1-2-gbd0b4ee654 (webtiles) character file.

Game seed: 20221108 (custom seed)

3354 Nerdsrcool the Destroyer (level 9, -1/62 HPs)
             Began as a Pale Draconian Conjurer on Nov 8, 2022.
             Slain by an orc warrior (7 damage)
             ... in a bailey.
             The game lasted 00:31:14 (7421 turns).

Nerdsrcool the Destroyer (Pale Draconian Conjurer)  Turns: 7421, Time: 00:31:17

Health: -1/62      AC:  9    Str: 10    XL:     9   Next: 73%
Magic:  25/28      EV: 14    Int: 19    God:
Gold:   428        SH:  0    Dex: 13    Spells: 13/21 levels left

rFire   . . .      SeeInvis .   b - +8 autumn katana {vorpal, manifold assault}
rCold   . . .      Faith    .   (no shield)
rNeg    . . .      Spirit   .   (body armour unavailable)
rPois   .          Reflect  .   (helmet restricted)
rElec   .          Harm     .   Q - +1 cloak
rCorr   .          Rampage  .   (no gloves)
Will    +....                   (no boots)
Stlth   +++.......              d - amulet of regeneration
HPRegen 1.00/turn               k - ring of magical power
MPRegen 0.21/turn               z - ring of willpower

@: no status effects
A: breathe steam, AC +7, unfitting armour, cold-blooded, steam resistance
a: Breathe Steam


You were in a bailey.
You visited 1 branch of the dungeon, and saw 8 of its levels.
You also visited: Bailey.

You collected 428 gold pieces.

Inventory:

Hand Weapons
 b - the +8 autumn katana (weapon) {vorpal, manifold assault}
   (You acquired it on level 4 of the Dungeon)

   It sometimes launches melee attacks against multiple visible enemies.
 e - a +0 dagger
 l - a +0 long sword
 r - a +1 halberd of protection
 A - a +3 club
 F - a +1 dagger of chaos
 L - a +0 dagger
 N - a +1 antimagic short sword
 P - a +2 whip of flaming
 R - a +2 falchion of holy wrath
 T - a +3 arbalest
Missiles
 p - 23 poisoned darts
 u - 3 boomerangs
 v - 5 boomerangs of dispersal
 D - a silver boomerang
 K - 2 throwing nets
Armour
 B - the +0 robe of Yrchowk {rN+ Will- SInv}
   (You found it on level 3 of the Dungeon)

   rN:        It protects you from negative energy.
   SInv:      It lets you see invisible.
   Will:      It decreases your willpower.
 Q - a +1 cloak (worn)
Jewellery
 d - an amulet of regeneration (around neck)
 k - a ring of magical power (left hand)
 z - a ring of willpower (right hand)
 E - a ring of fire
 O - a ring of flight
Wands
 o - a wand of paralysis (10)
 x - a wand of mindburst (5)
 M - a wand of roots (7)
Scrolls
 h - a scroll of silence
 j - 3 scrolls of vulnerability
 q - 3 scrolls of magic mapping
 t - a scroll of noise
 w - a scroll of amnesia
 y - a scroll of poison
 C - 5 scrolls of teleportation
 I - 2 scrolls of torment
Potions
 a - 2 potions of magic
 c - a potion of curing
 f - a potion of resistance
 g - 3 potions of flight
 m - a potion of ambrosia {unknown}
 n - a potion of cancellation
 s - a potion of haste {unknown}
 G - 4 potions of mutation
 H - a potion of heal wounds {unknown}
 J - a potion of brilliance {unknown}
 S - a potion of degeneration {unknown}


   Skills:
 + Level 6.5 Dodging
 + Level 7.1 Stealth
 + Level 6.6 Spellcasting
 + Level 8.1 Conjurations


You had 13 spell levels left.
You knew the following spells:

 Your Spells              Type           Power      Damage    Failure   Level
a - Magic Dart            Conj           100%       1d8       1%          1
b - Searing Ray           Conj           74%        2d7       1%          2
c - Dazzling Flash        Conj/Hex       42%        N/A       6%          3
d - Wereblood             Tmut           6%         N/A       16%         2

Your spell library contained the following spells:

 Spells                   Type           Power      Damage    Failure   Level
 Sublimation of Blood     Necr           6%         N/A       16%         2
 Fulminant Prism          Conj/Hex       10%        3d9       21%         4
 Iskenderun's Mystic Bla  Conj/Tloc      21%        2d6       21%         4
 Petrify                  Tmut/Erth      6%         N/A       71%         4
 Metabolic Englaciation   Hex/Ice        3%         N/A       96%         5
 Statue Form              Tmut/Erth      4%         N/A       100%        6
 Summon Hydra             Summ           3%         N/A       100%        7


Dungeon Overview and Level Annotations

Branches:
Dungeon (8/15)             Temple (0/1) D:4          Bailey (1/1)
   Lair: D:8-11

Altars:
Elyvilon
Makhleb
Trog
Xom
Zin

Shops:
D:6 (


Innate Abilities, Weirdness & Mutations

You can breathe blasts of scalding, opaque steam.
Your pale cyan-grey scales are hard. (AC +7)
You cannot fit into any form of body armour.
You are cold-blooded and may be slowed by cold attacks.
You are immune to the effects of steam.


Message History

The orc warrior is no longer blind.
The orc warrior shoots a bolt.
The bolt misses you. The orc warrior misses you.
The orc warrior barely misses you.
The orc warrior shoots a bolt.
The bolt barely misses you.
You miss the orc warrior.
Your tail-slap misses the orc warrior.
The orc warrior is severely wounded.
The orc warrior hits you but does no damage.
The orc warrior barely misses you.
The orc warrior shoots a bolt.
The bolt closely misses you. The orc warrior hits you.
You slash the orc warrior!
You kill the orc warrior!
The orc warrior hits you.
You closely miss the orc warrior.
The orc warrior shoots a bolt.
The bolt closely misses you.
The orc warrior hits you but does no damage.
You hit the orc warrior but do no damage.
The orc warrior shoots a bolt.
The bolt hits you. The orc warrior hits you.
You hit the orc warrior but do no damage.
You slice through the folds of space itself!
You slash the orc warrior! You slash the orc!
You kill the orc!
The orc warrior shoots a bolt.
The bolt closely misses you. The orc warrior hits you.
The orc warrior shoots a bolt.
The bolt hits you!
* * * LOW HITPOINT WARNING * * *
You feel better. The orc warrior misses you.
The orc warrior shoots a bolt.
The bolt hits you!
* * * LOW HITPOINT WARNING * * *
Read: scroll of fear
Press: ? - help, Q - select action, (/) - cycle Dir - look around, f - activate Look: an orc warrior, wearing a +0 scale mail (chance to affect: 97%)
As you read the scroll of fear, it crumbles to dust.
You assume a fearsome visage.
The orc warrior resists with some effort.
The orc warrior looks frightened!
Aiming: Paralyse
Press: ? - help, Q - select action, (/) - cycle Shift-Dir - straight line, f - orc warrior
Aim: an orc warrior, wearing a +0 scale mail (chance to affect: 49%)
The orc warrior resists with some effort.
The orc warrior hits you!
You die...

.. ≈≈ ..... .≈
## ≈.....# ≈##.
#≈.....# .. ...
#≈.....# ...≈
o)##≈.....#
...≈##.#≈≈.....#
...≈≈≈.≈≈......#
#.....o@.......#
##.............#
#.............#
##............#
#............#
#............#
#............#
##............#
#.............#


You could see 2 orc warriors.

Vanquished Creatures
  Pikel (D:8)
  A steam dragon (D:7)
  6 orc warriors
  2 black bears
  2 ogres (D:6)
  A centaur (D:5)
  A phantom (D:6)
  A kobold brigand (D:7)
  A bullfrog (D:8)
  A gnoll sergeant (D:7)
  A necrophage (D:5)
  11 killer bees (D:7)
  4 howler monkeys
  A crimson imp (D:4)
  3 hounds
  5 orc priests
  A gnoll bouda (D:5)
  Jessica (D:3)
  An iguana (D:6)
  4 orc wizards
  Ijyb (D:3)
  7 gnolls
  2 river rats (D:6)
  5 adders
  2 shadow imps (D:6)
  A white imp (D:6)
  2 ufetubi
  A worm (D:6)
  2 dart slugs
  25 orcs
  7 ball pythons
  3 bats (D:1)
  5 endoplasms
  6 giant cockroaches
  10 goblins
  5 hobgoblins
  6 jackals
  4 quokkas
  3 frilled lizards
  10 kobolds
  6 rats
162 creatures vanquished.

Vanquished Creatures (others)
  2 withered plants (D:1)
2 creatures vanquished.

Grand Total: 164 creatures vanquished

Notes
Turn   | Place    | Note
-------+----------+-------------------------------------------
     0 | D:1      | Nerdsrcool the Draconian Conjurer began the quest for the
                  | Orb.
     0 | D:1      | Reached XP level 1. HP: 14/14 MP: 3/3
    40 | D:1      | Found a faded altar of an unknown god.
   494 | D:1      | Reached XP level 2. HP: 20/20 MP: 1/5
  1310 | D:2      | Reached XP level 3. HP: 26/26 MP: 2/6
  1624 | D:2      | Found a shimmering altar of Xom.
  2251 | D:3      | Noticed Ijyb
  2258 | D:3      | Killed Ijyb
  2259 | D:3      | Reached XP level 4. HP: 33/33 MP: 4/8
  2364 | D:3      | Noticed Jessica
  2369 | D:3      | Killed Jessica
  2496 | D:3      | Identified the +0 robe of Yrchowk {rN+ Will- SInv}
  2638 | D:3      | Reached XP level 5. HP: 34/38 MP: 9/9
  3582 | D:4      | Found a shimmering altar of Xom.
  3592 | D:4      | Found a burning altar of Makhleb.
  3738 | D:4      | Found a staircase to the Ecumenical Temple.
  3797 | D:4      | Noticed a black bear
  3810 | D:4      | Killed a black bear
  3811 | D:4      | Reached skill level 5 in Conjurations
  3811 | D:4      | Reached XP level 6. HP: 21/45 MP: 11/11
  3900 | D:4      | Identified a scroll of acquirement
  3904 | D:4      | Acquired the +8 autumn katana {vorpal, manifold assault}
  3904 | D:4      | Found the +8 autumn katana {vorpal, manifold assault}
  3909 | D:4      | Learned a level 2 spell: Searing Ray
  3913 | D:4      | Learned a level 3 spell: Dazzling Flash
  3936 | D:5      | Entered Level 5 of the Dungeon
  4086 | D:5      | Your scales start taking on a pale cyan-grey colour.
  4086 | D:5      | Reached XP level 7. HP: 29/50 MP: 11/12
  4086 | D:5      | Gained mutation: You are immune to the effects of steam.
                  | [Pale Draconian growth]
  4165 | D:5      | Found a bloodstained altar of Trog.
  4404 | D:5      | Found a glowing silver altar of Zin.
  4543 | D:6      | Reached skill level 6 in Conjurations
  4680 | D:6      | Found a white marble altar of Elyvilon.
  4747 | D:6      | Reached XP level 8. HP: 57/57 MP: 14/14
  5017 | D:6      | Reached skill level 5 in Stealth
  5051 | D:6      | Found Vunkiken's Weapon Emporium.
  5579 | D:6      | Reached skill level 5 in Spellcasting
  5851 | D:7      | Reached skill level 5 in Dodging
  6078 | D:7      | Learned a level 2 spell: Wereblood
  6094 | D:7      | HP: 1/57 [killer bee (3)]
  6209 | D:7      | Reached skill level 7 in Conjurations
  6343 | D:7      | Reached XP level 9. HP: 45/62 MP: 17/17
  6935 | D:8      | Noticed Pikel
  6947 | D:8      | Killed Pikel
  7230 | D:8      | Found a flagged portal.
  7249 | Bailey   | Entered a bailey
  7353 | Bailey   | Reached skill level 8 in Conjurations
  7421 | Bailey   | Slain by an orc warrior

Illustrated notes

Levels and vault maps discovered:
D:1:      lightli_arrival_boilingwater, layout_basic,
          ebering_ecumenical_altar_petrified, minmay_misc_feat_plants,
          minmay_stone_trees_medium
D:2:      layout_loops_cross, basic_altar, minivault_25, minmay_vboxes
D:3:      layout_basic, uniq_jessica, uniq_ijyb
D:4:      layout_loops_ring, grunt_temple_overflow_champion_of_chaos,
          minmay_temple_entry_antechambers
D:5:      layout_rooms, zin_treasury, trog_three_pillars_becter
D:6:      layout_basic, mainiacjoe_overflow_chevrons, gup_sewer_entry_bowl,
          nicolae_inconvenience_store
D:7:      layout_cave_pods
D:8:      layout_cave_pods, enter_bailey_5, serial_column_ruins,
          column_ruins_open_tiny, column_ruins_corridor_straight,
          column_ruins_grid_1, column_ruins_grid_1, nicolae_eternal_life,
          kennysheep_generic_room_11, uniq_pikel
Bailey:   bailey_polearm_2, bailey

Skill      XL: |  1  2  3  4  5  6  7  8  9 |
---------------+----------------------------+-----
Stealth        | 2 3 4 6 7 |  7.1
Dodging        | 2 3 4 5 6 |  6.5
Spellcasting   | 3 4 5 6 |  6.6
Conjurations   | 5 6 7 8 |  8.1

Action                   |  1- 3 |  4- 6 |  7- 9 || total
-------------------------+-------+-------+-------++-------
Melee: Unarmed           |    12 |       |       ||    12
       Tailslap          |     4 |     7 |    14 ||    25
       Long sword        |    18 |       |       ||    18
       Club              |       |    16 |       ||    16
       Katana            |       |    10 |   156 ||   166
       Punch             |       |     1 |       ||     1
 Fire: Arbalest          |       |       |     7 ||     7
 Cast: Magic Dart        |    96 |    90 |   179 ||   365
       Searing Ray       |       |       |     2 ||     2
       Dazzling Flash    |       |       |     1 ||     1
Evoke: Wand              |       |     2 |     3 ||     5
  Use: Scroll            |       |    12 |    12 ||    24
       Potion            |       |     1 |     8 ||     9
 Stab: Paralysed         |       |     2 |     1 ||     3
Armor: Skin              |    18 |    12 |    62 ||    92
Dodge: Dodged            |    33 |    36 |   170 ||   239
